 Dungeon Crawl Stone Soup version 0.32-a0-814-g0968bab981 (webtiles) character file.

Game seed: 8603312022548830669

31312 smashvw the Protected (level 13, -7/98 (103) HPs)
             Began as a Gnoll Wanderer on Mar 22, 2024.
             Was the Champion of Cheibriados.
             Mangled by an ettin
             ... wielding a +0 dire flail
              (16 damage)
             ... on level 1 of the Orcish Mines.
             The game lasted 00:42:42 (18326 turns).

smashvw the Protected (Gnoll Wanderer)             Turns: 18326, Time: 00:42:42

HP:   -7/98 (103)   AC: 25    Str: 32    XL:     13   Next: 57%
MP:   0/35          EV: 13    Int: 24    God:    Cheibriados [******]
Gold: 1469          SH:  0    Dex: 34    Spells: 30/30 levels left

rFire   . . .        B - +1 lajatang (elec)
rCold   . . .        (shield currently unavailable)
rNeg    . . .        O - +0 crystal plate armour
rPois   .            r - +0 helmet
rElec   .            a - scarf {repulsion}
rCorr   .            z - +2 pair of gloves
SInv    .            (no boots)
Will    +....        N - amulet of guardian spirit Stlth
                     C - ring of willpower
HPRegen 0.36/turn    Y - ring "Uqutiuclu" {+Blink MP+9 Str+5}
MPRegen 0.24/turn

%: repel missiles, guardian spirit
@: about to teleport, lightly drained, invisible, very slow
A: fangs 1, strong nose, distributed training
a: Renounce Religion, Evoke Blink, Bend Time, Temporal Distortion, Slouch, Step
From Time


You were on level 1 of the Orcish Mines.
You worshipped Cheibriados.
Cheibriados was exalted by your worship.
You visited 4 branches of the dungeon, and saw 17 of its levels.
You also visited: Ossuary.

You collected 1469 gold pieces.

Inventory:

Hand Weapons
 h - a +3 flail of freezing
 j - the +8 short sword of the Thoughtful Beasts {freeze, Dex+4}
   (You found it on level 2 of the Lair of Beasts)

   Dex+4:     It affects your dexterity (+4).
 x - a +1 longbow of flaming
 B - a +1 lajatang of electrocution (weapon)
Missiles
 c - 49 poisoned darts
 g - 78 stones (quivered)
 P - 6 boomerangs
 S - 6 javelins
Armour
 a - a scarf of repulsion (worn)
 r - a +0 helmet (worn)
 z - a +2 pair of gloves (worn)
 M - the +3 warlock's mirror {omnireflect}
   (You acquired it on level 9 of the Dungeon)

   Omnireflect: It can block and reflect piercing ranged attacks and magical
   attacks against the wielder's willpower.
 O - a +0 crystal plate armour (worn)
 X - a +2 scale mail of positive energy
Jewellery
 C - a ring of willpower (left hand)
 L - an amulet of reflection
 N - an amulet of guardian spirit (around neck)
 U - a ring of see invisible
 Y - the ring "Uqutiuclu" (right hand) {+Blink MP+9 Str+5}
   (You took it off a kobold brigand on level 10 of the Dungeon)

   [ring of magical power]

   Str+5:     It affects your strength (+5).
   MP+9:      It affects your magic capacity (+9).
   +Blink:    It lets you blink.
Talismans
 W - a blade talisman
Wands
 l - a wand of light (4)
 y - a wand of flame (38)
 Q - a wand of paralysis (21)
 T - a wand of iceblast (6)
Scrolls
 b - 4 scrolls of revelation
 d - 5 scrolls of enchant weapon
 e - a scroll of butterflies
 i - 7 scrolls of teleportation
 k - 4 scrolls of enchant armour
 o - 2 scrolls of brand weapon
 q - a scroll of fear
 w - a scroll of silence {unknown}
 G - a scroll of poison {unknown}
 H - 3 scrolls of vulnerability {unknown}
 I - 5 scrolls of amnesia {unknown}
 K - 2 scrolls of blinking {unknown}
 R - a scroll of fog {unknown}
 V - a scroll of torment
Potions
 f - 5 potions of heal wounds
 n - 3 potions of enlightenment
 p - 6 potions of mutation {unknown}
 t - 2 potions of magic {unknown}
 u - 9 potions of curing
 v - 3 potions of ambrosia {unknown}
 A - 2 potions of haste
 D - 3 potions of brilliance {unknown}
 E - 4 potions of lignification {unknown}
 F - 2 potions of berserk rage {unknown}
 J - a potion of might {unknown}
 Z - a potion of degeneration {unknown}
Miscellaneous
 s - a tin of tremorstones (1/2)


   Skills:
 + Level 9.9 Fighting
 + Level 8.7 Short Blades
 + Level 8.7 Long Blades
 + Level 9.9 Axes
 + Level 8.7 Maces & Flails
 + Level 8.7 Polearms
 + Level 9.9 Staves
 + Level 8.7 Ranged Weapons
 + Level 9.1 Throwing
 + Level 9.9 Armour
 + Level 8.7 Dodging
 + Level 8.7 Stealth
 + Level 8.7 Shields
 + Level 8.7 Unarmed Combat
 + Level 9.2 Spellcasting
 + Level 7.2 Conjurations
 + Level 7.2 Hexes
 + Level 7.2 Summonings
 + Level 7.2 Necromancy
 + Level 7.2 Translocations
 + Level 7.2 Fire Magic
 + Level 7.2 Ice Magic
 + Level 7.2 Air Magic
 + Level 7.2 Earth Magic
 + Level 7.2 Alchemy
 + Level 9.5 Invocations
 + Level 8.7 Evocations
 + Level 8.0 Shapeshifting


You had 30 spell levels left.
You didn't know any spells.
Your spell library contained the following spells:

 Spells                   Type           Power      Damage    Failure   Level
 Ensorcelled Hibernation  Hex/Ice        92%        N/A       9%          2
 Fugue of the Fallen      Necr           46%        N/A       19%         3
 Anguish                  Hex/Necr       23%        N/A       52%         4


Dungeon Overview and Level Annotations

Branches:
Dungeon (11/15)            Temple (1/1) D:4            Lair (4/5) D:11
 Shoals (0/4) Lair:3        Snake (0/4) Lair:2        Slime (0/5) Lair:4
    Orc (1/2) D:10        Ossuary (visited)

Altars:
Ashenzari
Cheibriados
Dithmenos
Elyvilon
Fedhas
Gozag
Hepliaklqana
Kikubaaqudgha
Makhleb
Nemelex Xobeh
Okawaru
Qazlal
Ru
Sif Muna
Trog
Uskayaw
Vehumet
Wu Jian
Xom
Yredelemnul
Zin
The Shining One

Annotations:
Orc:1 Nergalle


Innate Abilities, Weirdness & Mutations

You have very sharp teeth.
Your uncanny sense of smell can sniff out nearby items.
Your experience applies equally to all skills.


Message History

You slash the ettin!
The ettin is heavily wounded.
The spectral orc warrior hits you but does no damage.
An orc priest comes into view. It is wielding a +0 trident.
Nergalle points at the orc warrior and mumbles some strange words.
The orc warrior seems to speed up.
The ettin hits you with a +0 dire flail!!
The ettin misses you. The orc warrior closely misses you.
The spectral orc warrior hits you with a +4 trident!
You feel drained. The orc priest closely misses you.
The orc priest shouts!
You slice the ettin!!
The ettin is almost dead.
The spectral orc warrior closely misses you.
The ettin completely misses you. The ettin hits you but does no damage.
The spectral orc warrior hits you but does no damage.
As you read the scroll of teleportation, it crumbles to dust.
You feel strangely unstable. The spectral orc warrior misses you.
The orc priest calls down the wrath of Beogh upon you.
Beogh smites you!
The ettin hits you with a +0 dire flail!!
* * * LOW HITPOINT WARNING * * *
The ettin hits you but does no damage. The orc warrior misses you.
The spectral orc warrior hits you with a +4 trident.
* * * LOW HITPOINT WARNING * * *
You feel drained.
The orc priest invokes the aid of Beogh against you.
Beogh smites you!
* * * LOW HITPOINT WARNING * * *
You fade into invisibility!
The spectral orc warrior is no longer moving slowly.
The spectral orc warrior closely misses you.
The spectral orc warrior misses you.
Nergalle points at the orc warrior and mumbles some strange words.
The orc warrior seems to speed up.
The orc warrior unwields a +0 scimitar.
The orc warrior wields a +0 orcbow.
The orc warrior shoots an arrow.
The arrow hits Nergalle!
The ettin closely misses you.
The ettin hits you with a +0 dire flail!!
You die...
Cheibriados appreciates the motionlessness of death.

..#..... ∆
......#....##
............##
.............##
..#...##.#..#.##
......#........#
......##......Z####
...#.##.##.....Z#Z##
....#....##.....@C)#
........####.##.ooo#
......###
####...o.... .....##
##.#.#.o.. .....#
##### ... #...## ..
##.## # ###


You could see an ettin (unable to see you), Nergalle, 3 spectral orc warriors, 2
orc warriors and 2 orc priests.

Vanquished Creatures
  Harold (Orc:1)
  2 hydras (Lair:2)
  A skyshark (Lair:4)
  An obsidian bat (Orc:1)
  2 cyclopes
  4 manticores
  A water nymph (Lair:3)
  3 black mambas
  A torpor snail (Lair:2)
  8 cane toads
  A rime drake (Lair:1)
  6 komodo dragons
  5 trolls
  2 polar bears (Lair:4)
  A merfolk (Lair:3)
  13 blink frogs
  7 dream sheep (Lair:3)
  37 yaks
  A vampire (D:11)
  2 wraiths
  Eustachio (D:5)
  A basilisk (Lair:2)
  4 wyverns
  A naga (Lair:2)
  10 water moccasins
  2 acid dragons
  A black bear (D:6)
  8 orc warriors
  An elephant zombie (D:8)
  2 ice beasts
  23 wolves
  An ogre (D:10)
  3 centaurs
  5 kobold brigands
  8 bullfrogs
  8 scorpions
  2 elf zombies (D:8)
  11 wights
  2 bombardier beetles
  An electric eel (Lair:1)
  7 howler monkeys
  2 centaur zombies
  2 hounds (D:6)
  4 jellies
  13 orc priests
  2 human zombies (Ossuary)
  14 orc wizards
  2 iguanas
  3 scorpion zombies (Ossuary)
  Ijyb (D:3)
  A killer bee zombie (D:8)
  An ogre zombie (D:8)
  6 hound zombies (D:8)
  3 mummies (Ossuary)
  A howler monkey zombie (D:8)
  10 adders
  A shadow imp (D:8)
  2 white imps
  7 adder zombies
  3 ribbon worms
  53 orcs
  6 ball pythons
  3 bats
  12 endoplasms
  4 giant cockroaches
  2 gnoll zombies (Ossuary)
  7 goblins
  4 hobgoblins
  3 quokkas
  A ball python zombie (Ossuary)
  2 frilled lizards (D:2)
  2 jackal zombies (Ossuary)
  14 kobolds
  3 rats (D:2)
395 creatures vanquished.

Vanquished Creatures (others)
  An orc wizard (D:11)
1 creature vanquished.

Grand Total: 396 creatures vanquished

Notes
Turn   | Place    | Note
-------+----------+-------------------------------------------
     0 | D:1      | smashvw the Gnoll Wanderer began the quest for the Orb.
     0 | D:1      | smashvw set off with the following items: a +2 hand axe, a
                  | +0 quarterstaff, 10 poisoned darts, a +0 dagger, a scroll
                  | of butterflies, a +0 leather armour.
     0 | D:1      | Reached XP level 1. HP: 20/20 MP: 4/4
   151 | D:1      | Reached XP level 2. HP: 26/26 MP: 5/5
   490 | D:2      | Reached XP level 3. HP: 29/31 MP: 7/7
   673 | D:2      | Reached skill level 1 in Invocations
   783 | D:2      | Reached skill level 1 in Short Blades
   783 | D:2      | Reached skill level 1 in Long Blades
   783 | D:2      | Reached skill level 1 in Maces & Flails
   783 | D:2      | Reached skill level 1 in Polearms
   783 | D:2      | Reached skill level 1 in Ranged Weapons
   783 | D:2      | Reached skill level 1 in Dodging
   783 | D:2      | Reached skill level 1 in Stealth
   783 | D:2      | Reached skill level 1 in Shields
   783 | D:2      | Reached skill level 1 in Unarmed Combat
   783 | D:2      | Reached skill level 1 in Evocations
  1029 | D:2      | Reached skill level 1 in Shapeshifting
  1029 | D:2      | Reached XP level 4. HP: 35/38 MP: 8/8
  1211 | D:2      | You fall into a shaft and drop 2 floors!
  1224 | D:4      | Found a staircase to the Ecumenical Temple.
  1251 | Temple   | Entered the Ecumenical Temple
  1334 | Temple   | Became a worshipper of Cheibriados the Contemplative
  1378 | D:4      | Reached skill level 1 in Conjurations
  1378 | D:4      | Reached skill level 1 in Hexes
  1378 | D:4      | Reached skill level 1 in Summonings
  1378 | D:4      | Reached skill level 1 in Necromancy
  1378 | D:4      | Reached skill level 1 in Translocations
  1378 | D:4      | Reached skill level 1 in Fire Magic
  1378 | D:4      | Reached skill level 1 in Ice Magic
  1378 | D:4      | Reached skill level 1 in Air Magic
  1378 | D:4      | Reached skill level 1 in Earth Magic
  1378 | D:4      | Reached skill level 1 in Alchemy
  1553 | D:3      | Noticed Ijyb
  1568 | D:3      | Killed Ijyb
  1569 | D:3      | Reached XP level 5. HP: 32/43 MP: 9/9
  2370 | D:4      | Reached * piety under Cheibriados
  2594 | D:4      | Found an opulent altar of Gozag.
  2697 | D:5      | Entered Level 5 of the Dungeon
  2713 | D:5      | Found a radiant altar of Vehumet.
  2759 | D:5      | Found a sand-covered staircase.
  2767 | Ossuary  | Entered an ossuary
  2817 | Ossuary  | Reached skill level 5 in Fighting
  2817 | Ossuary  | Reached skill level 5 in Axes
  2817 | Ossuary  | Reached skill level 5 in Staves
  2817 | Ossuary  | Reached skill level 5 in Armour
  2817 | Ossuary  | Reached XP level 6. HP: 50/51 MP: 9/11
  3034 | Ossuary  | Reached XP level 7. HP: 50/56 MP: 12/12
  3568 | Ossuary  | Reached XP level 8. HP: 37/63 MP: 14/14
  3883 | D:5      | Reached ** piety under Cheibriados
  4127 | D:5      | Found a sacrificial altar of Ru.
  4128 | D:5      | Noticed Eustachio
  4147 | D:5      | Killed Eustachio
  5436 | D:7      | Reached XP level 9. HP: 61/69 MP: 16/16
  5547 | D:7      | Reached skill level 5 in Spellcasting
  5555 | D:7      | Reached *** piety under Cheibriados
  5654 | D:7      | Reached skill level 5 in Throwing
  5730 | D:7      | Found a broken altar of Ashenzari.
  5821 | D:7      | Noticed a manticore
  5842 | D:7      | Killed a manticore
  5843 | D:7      | Reached skill level 5 in Invocations
  6302 | D:8      | Found a burning altar of Makhleb.
  6302 | D:8      | Found a hide-covered altar of Uskayaw.
  6796 | D:8      | Reached **** piety under Cheibriados
  6867 | D:8      | Reached skill level 5 in Short Blades
  6867 | D:8      | Reached skill level 5 in Long Blades
  6867 | D:8      | Reached skill level 5 in Maces & Flails
  6867 | D:8      | Reached skill level 5 in Polearms
  6867 | D:8      | Reached skill level 5 in Ranged Weapons
  6867 | D:8      | Reached skill level 5 in Dodging
  6867 | D:8      | Reached skill level 5 in Stealth
  6867 | D:8      | Reached skill level 5 in Shields
  6867 | D:8      | Reached skill level 5 in Unarmed Combat
  6867 | D:8      | Reached skill level 5 in Evocations
  6867 | D:8      | Reached XP level 10. HP: 59/76 MP: 16/18
  6924 | D:8      | Found a basalt altar of Yredelemnul.
  7665 | D:9      | Found a white marble altar of Elyvilon.
  7697 | D:8      | HP: 3/79 [orc warrior/+0 mace (8)]
  8236 | D:9      | Identified a scroll of acquirement
  8251 | D:9      | Acquired the +3 warlock's mirror {omnireflect}
  8251 | D:9      | Found the +3 warlock's mirror {omnireflect}
  8311 | D:9      | Reached ***** piety under Cheibriados
  8312 | D:9      | Reached skill level 5 in Shapeshifting
  8956 | D:10     | Entered Level 10 of the Dungeon
  9062 | D:10     | Found a sparkling altar of Nemelex Xobeh.
  9593 | D:10     | Noticed a cyclops
  9620 | D:10     | Killed a cyclops
  9660 | D:10     | Reached skill level 5 in Conjurations
  9660 | D:10     | Reached skill level 5 in Hexes
  9660 | D:10     | Reached skill level 5 in Summonings
  9660 | D:10     | Reached skill level 5 in Necromancy
  9660 | D:10     | Reached skill level 5 in Translocations
  9660 | D:10     | Reached skill level 5 in Fire Magic
  9660 | D:10     | Reached skill level 5 in Ice Magic
  9660 | D:10     | Reached skill level 5 in Air Magic
  9660 | D:10     | Reached skill level 5 in Earth Magic
  9660 | D:10     | Reached skill level 5 in Alchemy
  9804 | D:10     | Reached XP level 11. HP: 83/85 MP: 21/21
  9837 | D:10     | Found a staircase to the Orcish Mines.
  9930 | D:10     | Identified the ring "Uqutiuclu" {+Blink MP+9 Str+5}
 10628 | D:11     | Noticed a manticore
 10649 | D:11     | Killed a manticore
 10795 | D:11     | Noticed a manticore
 10822 | D:11     | Killed a manticore
 10830 | D:11     | Noticed a cyclops
 11190 | D:11     | Killed a cyclops
 11279 | D:11     | Noticed a manticore
 11288 | D:11     | Killed a manticore
 11416 | D:11     | Found a staircase to the Lair.
 12054 | Lair:1   | Entered Level 1 of the Lair of Beasts
 12527 | Lair:1   | Reached ****** piety under Cheibriados
 12528 | Lair:1   | Reached XP level 12. HP: 81/94 MP: 20/23
 14030 | Lair:2   | Identified the +8 short sword of the Thoughtful Beasts
                  | {freeze, Dex+4}
 14248 | Lair:2   | Found a staircase to the Snake Pit.
 14455 | Lair:2   | Identified the blade talisman "Nime Nae" {Str+3}
 14472 | Lair:2   | Noticed an eight-headed hydra
 14472 | Lair:2   | Noticed a four-headed hydra
 14479 | Lair:2   | Killed a four-headed hydra
 14520 | Lair:2   | Killed an eight-headed hydra
 15146 | Lair:3   | Reached XP level 13. HP: 28/101 MP: 5/25
 16475 | Lair:4   | Acquired a +1 lajatang of electrocution
 17063 | Lair:4   | Found a staircase to the Slime Pits.
 18000 | Orc:1    | Entered Level 1 of the Orcish Mines
 18099 | Orc:1    | Noticed Harold
 18115 | Orc:1    | Killed Harold
 18314 | Orc:1    | Noticed an ettin
 18317 | Orc:1    | Noticed Nergalle
 18326 | Orc:1    | Mangled by an ettin

Illustrated notes

Levels and vault maps discovered:
D:1:      ncdulo_watergridlock, layout_rooms
D:2:      wad_crossroads, layout_basic, minivault_23
D:3:      layout_rooms, uniq_ijyb
D:4:      layout_basic, grunt_gozag_breadcrumbs, minmay_temple_entry_large_hall
D:5:      layout_basic, mainiacjoe_overflow_catwalk,
          mainiacjoe_overflow_small_starburst, enter_ossuary_2, uniq_eustachio
D:6:      layout_loops_ring, hangedman_abyss_or_decor_lesser_grid
D:7:      layout_rooms, cheibrodos_ashenzari_chains
D:8:      layout_loops_corners, mainiacjoe_overflow_divided_tiny,
          roadster_capsule_ark_zombie
D:9:      layout_stronghold, mainiacjoe_overflow_tiny_flanked
D:10:     layout_stronghold, nicolae_overflow_hidden_temple, erik_orc_3,
          lemuel_flame_loot_1
D:11:     layout_long_grid, dpeg_oklobed_lair, minmay_statues_item
Temple:   minmay_temple_curvy_branch
Lair:1:   layout_long_grid, infiniplex_staircase_pool_2, serial_bayou_shore_a
Lair:2:   layout_gridlike, guppyfry_snake_entry_island
Lair:3:   layout_regular_city, nicolae_shoals_entry_flooding,
          kennysheep_catoblepas_arena
Lair:4:   layout_cave_pods, nicolae_slime_entry_slimehenge, minivault_24
Orc:1:    layout_caves, minmay_orc_temple_b, uniq_nergalle, uniq_harold

Skill      XL: |  1  2  3  4  5  6  7  8  9 10 11 12 13 |
---------------+----------------------------------------+-----
Invocations    | 1 2 3 4 5 6 7 8 9 |  9.5
Short Blades   | 1 2 3 5 6 7 8 |  8.7
Long Blades    | 1 2 3 5 6 7 8 |  8.7
Maces & Flails | 1 2 3 5 6 7 8 |  8.7
Polearms       | 1 2 3 5 6 7 8 |  8.7
Ranged Weapons | 1 2 3 5 6 7 8 |  8.7
Dodging        | 1 2 3 5 6 7 8 |  8.7
Stealth        | 1 2 3 5 6 7 8 |  8.7
Shields        | 1 2 3 5 6 7 8 |  8.7
Unarmed Combat | 1 2 3 5 6 7 8 |  8.7
Evocations     | 1 2 3 5 6 7 8 |  8.7
Shapeshifting  | 1 2 3 4 5 6 7 8 |  8.0
Spellcasting   | 3 4 5 6 7 8 9 |  9.2
Conjurations   | 1 2 3 4 5 6 7 |  7.2
Hexes          | 1 2 3 4 5 6 7 |  7.2
Summonings     | 1 2 3 4 5 6 7 |  7.2
Necromancy     | 1 2 3 4 5 6 7 |  7.2
Translocations | 1 2 3 4 5 6 7 |  7.2
Fire Magic     | 1 2 3 4 5 6 7 |  7.2
Ice Magic      | 1 2 3 4 5 6 7 |  7.2
Air Magic      | 1 2 3 4 5 6 7 |  7.2
Earth Magic    | 1 2 3 4 5 6 7 |  7.2
Alchemy        | 1 2 3 4 5 6 7 |  7.2
Throwing       | 3 4 5 6 7 8 9 |  9.1
Fighting       | 5 6 7 8 9 |  9.9
Axes           | 5 6 7 8 9 |  9.9
Staves         | 5 6 7 8 9 |  9.9
Armour         | 5 6 7 8 9 |  9.9

Action                     |  1- 3 |  4- 6 |  7- 9 | 10-12 | 13-15 || total
---------------------------+-------+-------+-------+-------+-------++-------
  Melee: Hand axe          |     8 |       |       |       |       ||     8
         Dagger            |    74 |   211 |   323 |   264 |       ||   872
         Bite              |     8 |    34 |    76 |   134 |    30 ||   282
         Flail             |       |       |    86 |   416 |    90 ||   592
         Orcbow            |       |       |       |     1 |       ||     1
         Short sword       |       |       |       |   140 |       ||   140
         Lajatang          |       |       |       |       |    96 ||    96
   Fire: Orcbow            |       |       |    61 |    86 |       ||   147
         Longbow           |       |       |       |       |    47 ||    47
  Throw: Stone             |     6 |       |    47 |     5 |    10 ||    68
         Javelin           |       |    15 |    17 |     5 |       ||    37
         Dart              |       |       |    11 |    32 |       ||    43
         Boomerang         |       |       |    11 |    33 |       ||    44
 Invoke: Slouch            |       |       |       |     1 |     1 ||     2
         Bend Time         |       |       |       |       |     1 ||     1
  Evoke: Wand              |       |       |       |     2 |       ||     2
         Tin of tremorston |       |       |       |       |     1 ||     1
    Use: Scroll            |     1 |     1 |     6 |    10 |     3 ||    21
         Potion            |       |       |     1 |     5 |     1 ||     7
   Stab: Sleeping          |     1 |       |       |     2 |       ||     3
         Distracted        |       |       |       |     3 |       ||     3
         Paralysed         |       |       |       |     1 |       ||     1
         Petrified         |       |       |       |     7 |       ||     7
 Armour: Leather armour    |     3 |       |       |       |       ||     3
         Chain mail        |    50 |       |       |       |       ||    50
         Plate armour      |     8 |   207 |   442 |   386 |       ||  1043
         Scale mail        |       |       |       |   225 |       ||   225
         Crystal plate arm |       |       |       |   117 |   208 ||   325
  Dodge: Dodged            |    20 |    36 |   180 |   516 |   173 ||   925
         Repelled          |       |       |       |     2 |     3 ||     5
  Block: Buckler           |       |       |       |   481 |    37 ||   518
         Reflection        |       |       |       |    18 |     1 ||    19

Table legend: (Time is in decaauts)
 A = Elapsed time spent in this place.
 B = Non-inter-level travel time spent in this place.
 C = Inter-level travel time spent in this place.
 D = Time resting spent in this place.
 E = Time spent auto-exploring this place.
 F = Levels seen in this place.
 G = Mean time per level.
                   A        B        C        D        E       F      G
               +--------+--------+--------+--------+--------+-----+--------+
         Total |  25554 |  24131 |   1423 |    285 |  19902 |  18 | 1419.7 |
       Dungeon |  15064 |  14058 |   1006 |    171 |  11590 |  11 | 1369.5 |
        Temple |    115 |     60 |     55 |      0 |     53 |   1 |  115.0 |
          Lair |   9062 |   8701 |    361 |    114 |   7342 |   4 | 2265.5 |
  Orcish Mines |    334 |    334 |      0 |      0 |    267 |   1 |  334.0 |
       Ossuary |    978 |    978 |      0 |      0 |    649 |   1 |  978.0 |
               +--------+--------+--------+--------+--------+-----+--------+

Top non-repeatable levels by time:
    D:10: 2574 daAuts
     D:8: 2411 daAuts
  Lair:4: 2313 daAuts
  Lair:2: 2301 daAuts
  Lair:3: 2280 daAuts
  Lair:1: 2166 daAuts
     D:9: 1889 daAuts
    D:11: 1889 daAuts
     D:6: 1155 daAuts
     D:7: 1150 daAuts
     D:5: 1085 daAuts
     D:2: 985 daAuts
 Ossuary: 978 daAuts
     D:4: 933 daAuts
     D:3: 541 daAuts
